 Dungeon Crawl Stone Soup version 0.28-a0-60-g54b5640690 (webtiles) character file.

Game seed: 16442269506606522160

28 joshua the Cudgeller (level 3, 25/33 HPs)
             Began as a Minotaur Berserker on July 31, 2021.
             Was a Follower of Trog.
             Quit the game on level 1 of the Dungeon.
             The game lasted 00:02:26 (450 turns).

joshua the Cudgeller (Minotaur Berserker)            Turns: 450, Time: 00:02:27

Health: 25/33      AC:  2    Str: 22    XL:     3   Next: 0%
Magic:  2/2        EV: 12    Int:  4    God:    Trog [*.....]
Gold:   28         SH:  0    Dex:  9    Spells: 2/2 levels left

rFire   . . .      SeeInvis .   a - +0 mace
rCold   . . .      Faith    .   (no shield)
rNeg    . . .      Spirit   .   b - +0 animal skin
rPois   .          Reflect  .   (helmet restricted)
rElec   .          Harm     .   (no cloak)
rCorr   .          Rampage  .   (no gloves)
Will    .....                   (no boots)
Stlth   +.........              (no amulet)
HPRegen 0.11/turn               (no ring)
MPRegen 0.08/turn               (no ring)

@: no status effects
A: horns 2, retaliatory headbutt
a: Renounce Religion, Berserk


You were on level 1 of the Dungeon.
You worshipped Trog.
Trog was aware of your devotion.
You visited 1 branch of the dungeon, and saw 1 of its levels.

You collected 28 gold pieces.


Innate Abilities, Weirdness & Mutations

You have a pair of horns on your head.
You reflexively headbutt those who attack you in melee.


   Skills:
 + Level 4.0 Fighting
 + Level 4.0 Maces & Flails
 + Level 3.0 Armour
 + Level 2.7 Dodging


You had 2 spell levels left.
You didn't know any spells.
Your spell library was empty.

Inventory:

Hand Weapons
 a - a +0 mace (weapon)
Missiles
 c - a stone (quivered)
Armour
 b - a +0 animal skin (worn)
Scrolls
 d - a scroll of immolation {!r}
 e - a scroll of silence {unknown}

Dungeon Overview and Level Annotations

Branches:
Dungeon (1/15)

Altars:

..................#
..................#
..................† #
###...#.#........###
#.##..###...........# #
#.................... #
#..#....#............ #
#....#............... #
##..@_...#........ #
.#......#...........#
......##.#..##....>...#
....#.......#.........
.$..#..#.....#...# .#
...#...#+..#.....###.#
.....[...........#...#
..####.......†.#....#.#
. +.........+......#


There were no monsters in sight!


Message History

Options error: Bad object type '%}|\' for autopickup. (~/.crawlrc:4924) Welcome, joshua the Minotaur Berserker.
The bosom of this dungeon contains the fabulous artefact, the Orb of Zot.
Trog says: Kill them all!
Press ? for a list of commands and other information.
Found a mace and 14 gold pieces.
Found a staircase leading out of the dungeon.
You are now empty-handed.
a - a +0 mace (weapon)
You now have 14 gold pieces.
There is a staircase leading out of the dungeon here.
Found a leather armour.
Found a stone staircase leading down.
You see here a +0 leather armour.
A goblin comes into view. It is wielding a +0 dagger.
The goblin shouts!
You hit the goblin.
You kill the goblin!
Trog accepts your kill.
Health restored: 20 You see here a +0 dagger.
A bat comes into view.
The bat moves out of view.
The bat hits you.
You take 1 damage, and have 19/20 hp.
The bat misses you. You furiously retaliate!
You headbutt the bat. The bat closely misses you.
You barely miss the bat.
The bat is severely wounded.
The bat closely misses you. The bat hits you. The bat barely misses you.
You take 1 damage, and have 18/20 hp.
You barely miss the bat. Your headbutt misses the bat.
The bat is severely wounded.
The bat hits you. The bat hits you but does no damage.
You barely miss the bat.
The bat is severely wounded.
The bat hits you but does no damage. The bat misses you. The bat hits you.
The bat hits you but does no damage.
You take 1 damage, and have 17/20 hp.
The bat closely misses you. You furiously retaliate!
You headbutt the bat!
You kill the bat!
Trog accepts your kill.
You see here a bat corpse.
HP restored.
You see here a bat corpse.
You see here a +0 dagger.
There is a staircase leading out of the dungeon here.
A ball python comes into view.
Health restored: 20 The ball python hisses angrily.
A goblin comes into view. It is wielding a +0 dagger.
The goblin shouts!
You hear a shout!
A rat comes into view.
A kobold comes into view. It is wielding a +0 dagger.
The rat moves out of view.
You completely miss the ball python.
The ball python bites you but does no damage.
The ball python closely misses you. The ball python bites you.
The ball python misses you.
You take 2 damage, and have 18/20 hp.
You sock the ball python!
You kill the ball python!
Trog accepts your kill.
A ball python comes into view.
You miss the goblin.
The ball python hisses angrily.
The goblin hits you with a +0 dagger.
You take 1 damage, and have 18/20 hp.
You closely miss the goblin. You headbutt the goblin.
You kill the goblin!
Trog accepts your kill.
A hobgoblin comes into view.
The hobgoblin shouts!
You hit the kobold.
The kobold is heavily wounded.
The kobold barely misses you.
You closely miss the kobold.
The kobold is heavily wounded.
The kobold barely misses you.
You sock the kobold!
You kill the kobold!
Trog accepts your kill.
A red film seems to cover your vision as you go berserk!
You feel yourself moving faster!
You feel mighty!
The ball python bites you but does no damage.
The ball python barely misses you.
You now have 27/30 hp.
You sock the ball python!
You kill the ball python!
Trog accepts your kill.
A bat comes into view.
The hobgoblin barely misses you. You furiously retaliate!
You headbutt the hobgoblin!
You kill the hobgoblin!
Trog accepts your kill.
You have reached level 2!
Items here: ( )) ††.
You regained 10 hp, and now have 37/40 hp.
MP restored: 1 You feel a strong urge to attack something.
You hit the bat.
You kill the bat!
Trog accepts your kill.
You are no longer berserk.
You are exhausted.
You feel yourself slow down.
You now have 25/27 hp.
You hit the rat but do no damage. You headbutt the rat.
You kill the rat!
Trog accepts your kill.
c - a stone
Items here: )) ††.
A frilled lizard comes into view.
The frilled lizard hisses angrily.
Health restored: 27 The frilled lizard bites you.
You take 3 damage, and have 24/27 hp.
You sock the frilled lizard!
You kill the frilled lizard!
Trog accepts your kill.
You feel yourself speed up.
A ball python comes into view.
A goblin and a hobgoblin come into view.
The ball python hisses angrily.
You hear an angry hiss.
An endoplasm comes into view.
A ball python comes into view.
The endoplasm quivers.
The ball python hisses angrily.
The ball python bites you. The ball python barely misses you.
You hit the ball python.
You kill the ball python!
Trog accepts your kill.
A kobold comes into view. It is wielding a +0 dagger.
You barely miss the goblin.
You recover from your berserk rage.
The kobold shouts!
You hear a shout!
The goblin hits you with a +0 dagger. The ball python barely misses you.
The ball python grabs you. The ball python constricts you.
You take 3 damage, and have 22/27 hp.
You escape the ball python's grasp.
The hobgoblin barely misses you. You furiously retaliate!
You headbutt the hobgoblin.
You see here a frilled lizard corpse.
You hit the endoplasm.
You kill the endoplasm!
Trog accepts your kill. The hobgoblin hits you.
You take 5 damage, and have 17/27 hp.
The goblin closely misses you.
You closely miss the goblin. You headbutt the goblin.
You kill the goblin!
Trog accepts your kill. The hobgoblin misses you. You furiously retaliate!
You headbutt the hobgoblin.
You kill the hobgoblin!
Trog accepts your kill.
You completely miss the ball python. Your headbutt misses the ball python.
The ball python bites you. The ball python grabs you.
The ball python constricts you.
A hobgoblin comes into view.
You take 2 damage, and have 15/27 hp.
You thump the ball python!
You kill the ball python!
Trog accepts your kill. The kobold hits you but does no damage.
You sock the kobold!
You kill the kobold!
Trog accepts your kill.
A goblin comes into view. It is wielding a +0 dagger.
The goblin shouts!
Things that are here:
a ball python corpse; a hobgoblin corpse; a frilled lizard corpse A hobgoblin is nearby!
You hit the hobgoblin.
You kill the hobgoblin!
Trog accepts your kill.
You see here a hobgoblin corpse.
You hit the goblin.
You kill the goblin!
Trog accepts your kill.
Your Maces & Flails skill increases to level 4!
Things that are here:
a +0 dagger; a goblin corpse
Things that are here:
a +0 dagger; a +0 dagger; a kobold corpse Health restored: 27 A giant cockroach comes into view.
The giant cockroach moves out of view.
You open the door.
A rat comes into view.
A rat is nearby!
The rat bites you.
You take 1 damage, and have 26/27 hp.
You hit the rat.
You kill the rat!
Trog accepts your kill.
You see here a rat corpse.
A giant cockroach is nearby!
Health restored: 27 The giant cockroach bites you but does no damage.
You barely miss the giant cockroach.
The giant cockroach bites you but does no damage.
You hit the giant cockroach. You headbutt the giant cockroach.
You kill the giant cockroach!
Trog accepts your kill.
Your Fighting skill increases to level 4!
You see here a rat corpse. 2 goblins come into view.
The goblin shouts! x2
Found 14 gold pieces.
The goblin closely misses you. The goblin completely misses you.
You sock the goblin!
You kill the goblin!
Trog accepts your kill. The goblin hits you with a +0 club.
You take 3 damage, and have 24/27 hp.
You hit the goblin.
You kill the goblin!
Trog accepts your kill.
You see here a +0 club.
Things that are here:
a +0 dagger; a goblin corpse You now have 28 gold pieces (gained 14).
A frilled lizard comes into view.
Health restored: 27 The helpless frilled lizard fails to defend itself.
You sock the frilled lizard!
You kill the frilled lizard!
Trog accepts your kill.
A rat and a quokka come into view.
Found a scroll of immolation.
Found a faded altar of an unknown god.
Found a stone staircase leading down.
The quokka closely misses you. You furiously retaliate!
You headbutt the quokka, but do no damage.
You closely miss the quokka.
You headbutt the quokka, but do no damage.
The rat barely misses you. You furiously retaliate!
You headbutt the rat!
You kill the rat!
Trog accepts your kill. The quokka bites you.
Your Armour skill increases to level 3!
You take 4 damage, and have 23/27 hp.
The quokka bites you.
You take 2 damage, and have 21/27 hp.
You barely miss the quokka. The quokka bites you.
You take 2 damage, and have 19/27 hp.
You hit the quokka.
The quokka is moderately wounded.
The quokka closely misses you.
You miss the quokka.
The quokka is moderately wounded.
The quokka closely misses you. The quokka misses you. You furiously retaliate!
You headbutt the quokka!
You kill the quokka!
Trog accepts your kill.
You see here a quokka corpse.
A giant cockroach comes into view.
The giant cockroach moves out of view.
Found a robe.
The giant cockroach misses you. The giant cockroach closely misses you.
Found a scroll labelled LUMOLL TOAVUW.
Found 8 gold pieces.
There is a faded altar of an unknown god here.
You see here a scroll of immolation {!r}.
d - a scroll of immolation {!r} The giant cockroach barely misses you.
The giant cockroach bites you but does no damage.
A giant cockroach is nearby!
You closely miss the giant cockroach.
Your headbutt misses the giant cockroach.
The giant cockroach bites you but does no damage.
You hit the giant cockroach.
You kill the giant cockroach!
Trog accepts your kill.
You have reached level 3!
Your experience leads to an increase in your attributes!
Increase (S)trength, (I)ntelligence, or (D)exterity?
You feel stronger.
You regained 5 hp, and now have 25/33 hp.
MP restored: 2
e - a scroll labelled LUMOLL TOAVUW You see here a giant cockroach corpse.
Saving game... please wait.
Options error: Bad object type '%}|\' for autopickup. (~/.crawlrc:4924) Welcome back, joshua the Minotaur Berserker.
Trog says: Kill them all!
Press ? for a list of commands and other information.
Lua error: [string "/dgldir/rcfiles/crawl-git/joshua.rc"]:43: attempt to call field 'res_statdrain' (a nil value) Unknown command.
Lua error: [string "/dgldir/rcfiles/crawl-git/joshua.rc"]:43: attempt to call field 'res_statdrain' (a nil value) Are you sure you want to abandon this character and quit the game? (Confirm with "yes".)
Okay, then.
Lua error: [string "/dgldir/rcfiles/crawl-git/joshua.rc"]:43: attempt to call field 'res_statdrain' (a nil value) Are you sure you want to abandon this character and quit the game? (Confirm with "yes".)

Skill      XL: |  1  2 |
---------------+-------+-----
Maces & Flails | 4 |  4.0
Fighting       | 4 |  4.0
Armour         | 3 |  3.0
Dodging        | |  2.7

Action                   || total
-------------------------++-------
Melee: Mace              ||    36
       Headbutt          ||     5
Invok: Berserk           ||     1
 Stab: Sleeping          ||     1
Armor: Animal skin       ||    10
Dodge: Dodged            ||    27

Levels and vault maps discovered:
D:1:      eino_arrival_water_cross, layout_basic,
          hellmonk_ecumenical_altar_blasted, serial_curves, eino_curves_02,
          eino_curves_01

Notes
Turn   | Place    | Note
-------+----------+-------------------------------------------
     0 | D:1      | joshua the Minotaur Berserker began the quest for the Orb.
     0 | D:1      | Reached XP level 1. HP: 19/19 MP: 0/0
   158 | D:1      | Reached XP level 2. HP: 27/27 MP: 1/1
   227 | D:1      | Reached skill level 4 in Maces & Flails
   358 | D:1      | Reached skill level 4 in Fighting
   427 | D:1      | Found a faded altar of an unknown god.
   430 | D:1      | Reached skill level 3 in Armour
   448 | D:1      | Reached XP level 3. HP: 25/33 MP: 2/2
   450 | D:1      | Quit the game

Vanquished Creatures
  4 ball pythons (D:1)
  An endoplasm (D:1)
  2 giant cockroaches (D:1)
  6 goblins (D:1)
  3 hobgoblins (D:1)
  2 kobolds (D:1)
  A quokka (D:1)
  2 bats (D:1)
  2 frilled lizards (D:1)
  3 rats (D:1)
26 creatures vanquished.

Table legend: (Time is in decaauts)
 A = Elapsed time spent in this place.
 B = Non-inter-level travel time spent in this place.
 C = Inter-level travel time spent in this place.
 D = Time resting spent in this place.
 E = Time spent auto-exploring this place.
 F = Levels seen in this place.
 G = Mean time per level.
                   A        B        C        D        E       F      G
               +--------+--------+--------+--------+--------+-----+--------+
         Total |    467 |    467 |      0 |      0 |    299 |   1 |  467.0 |
       Dungeon |    467 |    467 |      0 |      0 |    299 |   1 |  467.0 |
               +--------+--------+--------+--------+--------+-----+--------+

Top non-repeatable levels by time:
     D:1: 467 daAuts

Table legend:
 A = Non-vault XP
 B = Vault XP
 C = Vault XP percentage of total XP
 D = Non-vault monster count
 E = Vault monster count
 F = Vault count percentage of total count
                 A         B        C        D         E       F
            +---------+---------+-------+---------+---------+-------
      Total |      41 |       0 |   0.0 |      26 |       0 |   0.0
            +---------+---------+-------+---------+---------+-------
        D:1 |      41 |       0 |   0.0 |      26 |       0 |   0.0
            +---------+---------+-------+---------+---------+-------
